 Dungeon Crawl Stone Soup version 0.17.1-1-g73c8601 (webtiles) character file.

26868 karlm the Bludgeoner (level 13, -6/144 HPs)
             Began as an Ogre Hunter on Jan 2, 2016.
             Was a High Priest of Okawaru.
             Mangled by a six-headed hydra (7 damage)
             ... on level 3 of the Lair of Beasts.
             The game lasted 00:50:11 (25088 turns).

karlm the Bludgeoner (Ogre Hunter)                 Turns: 25088, Time: 00:50:11

Health: -6/144     AC: 10    Str: 30    XL:     13   Next: 28%
Magic:  11/13      EV: 13    Int:  6    God:    Okawaru [*****.]
Gold:   304        SH:  0    Dex: 12    Spells: 0 memorised, 12 levels left

rFire  . . .     SeeInvis +     b - +3 giant spiked club "Porietim" {speed, rElec Str+10 Int-4 Dex-2}
rCold  . . .     Clarity  .     n - +1 robe of Sotihy {god gift, *Drain rPois SInv}
rNeg   + . .     SustAt   .     (shield currently unavailable)
rPois  +         Gourm    .     O - +2 hat
rElec  +         Spirit   .     (no cloak)
rCorr  .         Warding  +     (gloves unavailable)
rMut   .         Stasis   .     (boots unavailable)
MR     +....                    m - amulet of warding
Stlth  ++........               g - +3 ring of protection
                                V - +2 ring of slaying

@: heroism, slowed, very slow, somewhat resistant to hostile enchantments,
unstealthy
A: unfitting armour, tough skin 1
a: Heroism, Finesse, Renounce Religion


You were on level 3 of the Lair of Beasts.
You worshipped Okawaru.
Okawaru was extremely pleased with you.
You were not hungry.

You visited 3 branches of the dungeon, and saw 15 of its levels.
You also visited: Sewer and Ice Cave.

You collected 855 gold pieces.
You spent 551 gold pieces at shops.

Inventory:

Hand Weapons
 b - the +3 giant spiked club "Porietim" (weapon) {speed, rElec Str+10 Int-4 Dex-2}
   (You acquired it on level 1 of the Lair of Beasts)

   Attacks with this weapon are significantly faster.
   It affects your strength (+10).
   It affects your intelligence (-4).
   It affects your dexterity (-2).
   It insulates you from electricity.
 v - a +1 battleaxe of freezing
 y - the +7 great mace "Firestarter" {inner flame, rF++}
   (You found it on level 2 of the Lair of Beasts)

   It has been specially enchanted to burn those struck by it, causing extra
   injury to most foes and up to half again as much damage against particularly
   susceptible opponents.
   It greatly protects you from fire.
 P - the +11 mace of Superiority {venom, rElec rN+ MR+ Dex-3}
   (You found it on level 6 of the Dungeon)

   It poisons the flesh of those it strikes.
   It affects your dexterity (-3).
   It insulates you from electricity.
   It protects you from negative energy.
   It affects your resistance to hostile enchantments.
Missiles
 l - 11 large rocks (quivered)
 q - 3 steel javelins
 X - 5 silver javelins
Armour
 n - the +1 robe of Sotihy (worn) {god gift, *Drain rPois SInv}
   (Okawaru gifted it to you on level 2 of the Lair of Beasts)

   It protects you from poison.
   It lets you see invisible.
   It causes draining when unequipped.
 u - a +2 robe of resistance
 O - a +2 hat (worn)
Jewellery
 g - a +3 ring of protection (right hand)
 m - an amulet of warding (around neck)
 C - an uncursed amulet of clarity
 D - a cursed -3 ring of strength
 J - an uncursed ring of protection from cold
 V - a +2 ring of slaying (left hand)
Wands
 h - a wand of frost (37)
 p - a wand of confusion (9)
 t - a wand of draining (5)
 I - a wand of digging (10)
 W - a wand of lightning (5)
Scrolls
 c - 5 scrolls of recharging
 s - 9 scrolls of teleportation
 w - 8 scrolls of remove curse
 z - a scroll of magic mapping
 A - a scroll of identify
 B - a scroll of amnesia
 Q - a scroll of holy word
 Y - a scroll of fear
Potions
 a - a potion of agility
 d - a potion of haste {unknown}
 f - 2 potions of brilliance
 i - 5 potions of might
 j - 4 potions of lignification
 k - 6 potions of curing
 o - 2 potions of cure mutation
 r - a potion of magic
 F - 2 potions of cancellation {unknown}
 R - 2 potions of resistance
 T - 6 potions of heal wounds
 U - a potion of poison {unknown}
Books
 x - a book of Minor Magic

   Spells                             Type                      Level
   a - Magic Dart                     Conjuration                  1
   b - Blink                          Translocation                2
   c - Call Imp                       Summoning                    2
   d - Repel Missiles                 Charms/Air                   2
   e - Slow                           Hexes                        2
   f - Conjure Flame                  Conjuration/Fire             3
   g - Mephitic Cloud                 Conjuration/Poison/Air       3
Comestibles
 e - 12 bread rations


   Skills:
 + Level 13.0(18.0) Fighting
 + Level 16.8(21.8) Maces & Flails
 + Level 10.7(15.7) Throwing
 + Level 6.3(11.3) Armour
 - Level 3.1(8.1) Dodging
 - Level 1.0(6.0) Stealth
   Level 5.4(10.4) Shields


You had 12 spell levels left.
You didn't know any spells.

Dungeon Overview and Level Annotations

Branches:
Dungeon (11/15)            Temple (1/1) D:4            Lair (3/8) D:11
    Orc (0/4) D:10
  Swamp: Lair:3-6    Shoals: Lair:3-6     Snake: Lair:3-6    Spider: Lair:3-6

Altars:
Ashenzari
Cheibriados
Dithmenos
Elyvilon
Fedhas
Gozag
Kikubaaqudgha
Makhleb
Nemelex Xobeh
Okawaru
Qazlal
Ru
Sif Muna
Trog
Vehumet
Xom
Yredelemnul
Zin
The Shining One

Shops:
D:6 ?   D:8 !   D:11 =

Annotations:
D:11 exclusion: ice statue


Innate Abilities, Weirdness & Mutations

You are too large for most types of armour.
You have tough skin (AC +1).


Message History

The six-headed hydra completely misses you.
The six-headed hydra bites you but does no damage. x2
The six-headed hydra bites you.
You bludgeon the six-headed hydra!!
The six-headed hydra is almost dead.
The six-headed hydra barely misses you. The six-headed hydra bites you.
The six-headed hydra bites you.
* * * LOW HITPOINT WARNING * * *
The six-headed hydra bites you!
* * * LOW HITPOINT WARNING * * *
The six-headed hydra bites you!
* * * LOW HITPOINT WARNING * * *
The six-headed hydra bites you but does no damage.
The torpor snail bites you!
* * * LOW HITPOINT WARNING * * *
The six-headed hydra bites you but does no damage.
The six-headed hydra barely misses you. The six-headed hydra bites you!
* * * LOW HITPOINT WARNING * * *
The six-headed hydra bites you!
You die...

..## ...#### ######## ......#
#..#...### .....## ##.......###
....#.# #.#.......# ....###
####.......## ....#
###)(..##......## ...## ##D$..#
#........ ..#.#
##@#......#.......# ..###
#..##.#).##.......# #...#
##..### ###.......# #..P##
##..## ##........ ##..P#
#....#####..#.....# ##.###
##.......##..#....# #..P#
######.#......#..#....##
#..#####.#P##..........P.......
#
##.....................PP.P.##.


You could see a six-headed hydra.

Vanquished Creatures
  A hydra (Lair:2)
  An ice devil (IceCv)
  A hill giant (D:11)
  A salamander (Lair:2)
  A cyclops (D:11)
  8 elephants (Lair:3)
  An ugly thing (D:11)
  Joseph (D:7)
  2 ice statues (IceCv)
  A black mamba (Lair:1)
  A gargoyle (D:10)
  3 fire drakes
  5 spiny frogs
  5 komodo dragons
  A troll (D:11)
  9 blue devils (IceCv)
  A two-headed ogre (D:11)
  A merfolk (D:10)
  2 deep elf priests (D:8)
  A trapdoor spider zombie (D:9)
  A shadow (D:10)
  A trapdoor spider (D:11)
  A spriggan (D:10)
  3 deep elf magi
  3 blink frogs (Lair:1)
  A fire elemental (Lair:2)
  A basilisk (Lair:1)
  A deep elf fighter (D:10)
  5 wolves (Lair:1)
  16 yaks
  4 hippogriffs
  A hungry ghost (D:11)
  2 wargs (D:10)
  A porcupine (Lair:3)
  Duvessa (D:5)
  3 water moccasins
  8 ice beasts (Lair:1)
  A sky beast (D:11)
  14 orc warriors
  2 phantoms
  2 ogres (D:6)
  6 crocodiles
  3 centaurs
  12 giant frogs
  Dowan (D:4)
  A wyvern zombie (D:9)
  4 scorpions
  A wyvern skeleton (D:10)
  5 wights (D:11)
  2 crimson imps
  6 orc priests
  A quasit (D:10)
  2 centaur skeletons (D:11)
  4 jellies
  5 orc wizards
  A gnoll shaman (D:7)
  A lava snake (Lair:2)
  Jessica (D:2)
  3 giant frog skeletons
  6 hounds
  6 iguanas
  6 worker ants
  15 sheep
  A hound zombie (D:5)
  A hound skeleton (D:8)
  A worker ant zombie (D:6)
  15 adders
  6 gnolls
  2 shadow imps
  25 river rats
  9 white imps (IceCv)
  7 ufetubi (IceCv)
  9 oozes
  2 adder zombies
  An adder skeleton (D:4)
  7 worms
  17 giant geckos
  55 orcs
  6 bats
  20 giant cockroaches
  4 hobgoblins
  12 jackals
  11 kobolds
  5 quokkas
  15 ball pythons
  A giant gecko skeleton (D:7)
  12 giant newts
  3 goblins
  A jackal skeleton (D:5)
  A quokka zombie (D:9)
  10 rats
470 creatures vanquished.

Vanquished Creatures (others)
  A white imp (IceCv)
  2 fungi (Lair:3)
  A plant (Lair:3)
4 creatures vanquished.

Grand Total: 474 creatures vanquished

Notes
Turn   | Place    | Note
--------------------------------------------------------------
     0 | D:1      | karlm the Ogre Hunter began the quest for the Orb.
     0 | D:1      | Reached XP level 1. HP: 22/22 MP: 1/1
   162 | D:1      | Reached XP level 2. HP: 25/31 MP: 2/2
   333 | D:1      | Reached skill level 1 in Stealth
  1155 | D:2      | Reached skill level 1 in Maces & Flails
  1155 | D:2      | Reached XP level 3. HP: 37/37 MP: 3/3
  1680 | D:2      | Found a shattered altar of Ashenzari.
  1680 | D:2      | Found a bloodstained altar of Trog.
  1681 | D:2      | Found a shadowy altar of Dithmenos.
  2299 | D:2      | Noticed Jessica
  2310 | D:2      | Killed Jessica
  2310 | D:2      | Reached XP level 4. HP: 45/48 MP: 4/4
  2485 | D:3      | Found a faded altar to an unknown god.
  2840 | D:3      | Found a glowing drain.
  3026 | D:2      | Reached XP level 5. HP: 51/54 MP: 5/5
  3076 | Sewer    | Entered a sewer
  4577 | Sewer    | Reached XP level 6. HP: 60/63 MP: 6/6
  4948 | Sewer    | Reached skill level 5 in Fighting
  4948 | Sewer    | Reached skill level 5 in Throwing
  5550 | D:3      | Reached XP level 7. HP: 50/72 MP: 7/7
  5666 | D:3      | Noticed a water moccasin
  5677 | D:3      | Killed a water moccasin
  5677 | D:3      | Reached skill level 5 in Maces & Flails
  6190 | D:4      | Got a translucent golden ring
  6192 | D:4      | Identified the cursed ring of the Four Nights {rElec rF- Str-3 Int+4} (You found it on level 4 of the Dungeon)
  6583 | D:3      | Reached skill level 6 in Fighting
  6884 | D:4      | Found a staircase to the Ecumenical Temple.
  6893 | Temple   | Entered the Ecumenical Temple
  6981 | Temple   | Became a worshipper of Warmaster Okawaru
  7385 | D:5      | Entered Level 5 of the Dungeon
  7416 | D:5      | Noticed Duvessa
  7419 | D:5      | Noticed Dowan
  7422 | D:5      | Killed Duvessa
  7664 | D:4      | Killed Dowan
  7664 | D:4      | Reached XP level 8. HP: 84/84 MP: 8/8
  7687 | D:5      | Reached skill level 7 in Maces & Flails
  9313 | D:6      | Found Jifoa's Magic Scroll Boutique.
  9316 | D:6      | Bought a scroll of teleportation for 33 gold pieces
  9316 | D:6      | Bought a scroll of recharging for 104 gold pieces
  9351 | D:6      | Found a shattered altar of Ashenzari.
  9941 | D:7      | Reached skill level 8 in Maces & Flails
 10609 | D:6      | Reached * piety under Okawaru
 10835 | D:6      | Got a pitted mace
 10836 | D:6      | Identified the +11 mace of Superiority {venom, rElec rN+ MR+ Dex-3} (You found it on level 6 of the Dungeon)
 10993 | D:6      | Reached skill level 9 in Maces & Flails
 10993 | D:6      | Reached XP level 9. HP: 73/94 MP: 9/9
 11831 | D:7      | Reached ** piety under Okawaru
 11831 | D:7      | Reached skill level 10 in Maces & Flails
 12190 | D:7      | Noticed Joseph
 12211 | D:7      | Killed Joseph
 13327 | D:8      | Reached skill level 11 in Maces & Flails
 13446 | D:8      | Found a snail-covered altar of Cheibriados.
 13446 | D:8      | Noticed a deep elf priest
 13449 | D:8      | Noticed a deep elf priest
 13451 | D:8      | Killed a deep elf priest
 13456 | D:8      | Killed a deep elf priest
 13456 | D:8      | Reached XP level 10. HP: 102/107 MP: 10/10
 13498 | D:8      | Reached *** piety under Okawaru
 13591 | D:8      | Found Goesisox's Distillery.
 13603 | D:8      | Bought a potion of heal wounds for 60 gold pieces
 13603 | D:8      | Bought a potion of heal wounds for 60 gold pieces
 13938 | D:9      | Reached skill level 12 in Maces & Flails
 13938 | D:9      | Reached skill level 1 in Armour
 14007 | D:9      | Reached skill level 1 in Shields
 14169 | D:9      | Received a gift from Okawaru
 15286 | D:10     | Entered Level 10 of the Dungeon
 15368 | D:10     | Reached skill level 10 in Fighting
 15394 | D:10     | Reached **** piety under Okawaru
 15727 | D:10     | Found a staircase to the Orcish Mines.
 16535 | D:10     | Reached skill level 13 in Maces & Flails
 17193 | D:11     | Noticed a green ugly thing
 17211 | D:10     | Reached XP level 11. HP: 79/119 MP: 11/11
 17651 | D:11     | Found Ufelueme's Jewellery Shoppe.
 17659 | D:11     | Bought a +3 ring of protection for 294 gold pieces
 17677 | D:11     | Noticed a cyclops
 17688 | D:11     | Killed a cyclops
 17941 | D:11     | Reached ***** piety under Okawaru
 18023 | D:11     | Killed a green ugly thing
 18183 | D:11     | Noticed an ice statue
 18322 | D:11     | Found a staircase to the Lair.
 18500 | D:11     | Reached skill level 14 in Maces & Flails
 18513 | D:11     | Noticed a hill giant
 18525 | D:11     | Killed a hill giant
 18525 | D:11     | Received a gift from Okawaru
 18561 | Lair:1   | Entered Level 1 of the Lair of Beasts
 18574 | Lair:1   | Identified a scroll of acquirement
 18575 | Lair:1   | Got a brightly glowing giant spiked club
 18591 | Lair:1   | Identified the +3 giant spiked club "Porietim" {speed, rElec Str+10 Int-4 Dex-2} (You acquired it on level 1 of the Lair of Beasts)
 18734 | Lair:1   | Got an iridescent long sword
 18739 | Lair:1   | Identified the cursed +3 long sword of Linasedgh {venom, Int+3} (You found it on level 1 of the Lair of Beasts)
 19105 | Lair:1   | Reached XP level 12. HP: 110/130 MP: 12/12
 19246 | Lair:1   | Found a frozen archway.
 19305 | IceCv    | Entered an ice cave
 19671 | IceCv    | Reached skill level 15 in Maces & Flails
 20053 | IceCv    | Reached skill level 5 in Armour
 20056 | IceCv    | Received a gift from Okawaru
 20273 | IceCv    | Reached skill level 5 in Shields
 20756 | IceCv    | Received a gift from Okawaru
 21005 | IceCv    | Reached skill level 10 in Throwing
 22851 | Lair:2   | Received a gift from Okawaru
 22854 | Lair:2   | Got a fine robe {god gift}
 22865 | Lair:2   | Identified the +1 robe of Sotihy {god gift, *Drain rPois SInv} (Okawaru gifted it to you on level 2 of the Lair of Beasts)
 23087 | Lair:2   | Noticed a seven-headed hydra
 23090 | Lair:2   | Killed a seven-headed hydra
 23235 | Lair:2   | Reached skill level 16 in Maces & Flails
 24017 | Lair:3   | Reached XP level 13. HP: 71/141 MP: 13/13
 24795 | Lair:3   | Found a runed door.
 25080 | Lair:3   | Noticed a six-headed hydra
 25087 | Lair:3   | HP: 7/144 [torpor snail (8)]
 25088 | Lair:3   | HP: 1/144 [six-headed hydra (7)]
 25088 | Lair:3   | Mangled by a six-headed hydra

Action                   |  1- 3 |  4- 6 |  7- 9 | 10-12 | 13-15 || total
-------------------------+-------+-------+-------+-------+-------++-------
Melee: Short sword       |    37 |       |       |       |       ||    37
       Club              |    32 |       |       |       |       ||    32
       Whip              |   113 |   421 |   405 |       |       ||   939
       Giant club        |       |       |    17 |       |       ||    17
       Mace              |       |       |   109 |   455 |       ||   564
       Morningstar       |       |       |     5 |       |       ||     5
       Giant spiked club |       |       |       |   100 |    71 ||   171
       Great mace        |       |       |       |    26 |       ||    26
Throw: Large rock        |     8 |     8 |    23 |    56 |    12 ||   107
       Throwing net      |       |       |     2 |     1 |       ||     3
       Javelin           |       |       |       |       |     1 ||     1
Invok: Heroism           |       |       |       |     2 |     1 ||     3
Evoke: Wand              |     1 |       |       |       |       ||     1
  Use: Scroll            |     5 |     1 |     8 |    14 |       ||    28
       Potion            |       |     1 |     4 |       |       ||     5
 Stab: Sleeping          |       |       |     1 |     3 |     1 ||     5
       Held in net/web   |       |       |       |     1 |       ||     1
       Distracted        |       |       |       |     1 |       ||     1
  Eat: Chunk             |     5 |    11 |    25 |    27 |     5 ||    73
       Bread ration      |       |       |       |     1 |       ||     1
